 Dungeon Sprint DCSS version 0.27-a0-1256-gced786f65e (webtiles) character file.

Game seed: 1227812092293459865

618 mhtbhm the Blocker (level 7, -4/64 HPs)
             Began as a Formicid Fighter on June 10, 2021.
             Was an Initiate of Okawaru.
             Succumbed to Sonja's poison
             ... in the Dungeon (Sprint I: "Red Sonja").
             The game lasted 00:01:41 (834 turns).

mhtbhm the Blocker (Formicid Fighter)                Turns: 834, Time: 00:01:42

Health: -4/64      AC:  8    Str: 23    XL:     7   Next: 74%
Magic:  7/7        EV: 10    Int:  7    God:    Okawaru [......]
Gold:   419        SH: 12    Dex: 10    Spells: 6/6 levels left

rFire    . . .     SeeInvis +   a - +0 long sword
rCold    . . .     Faith    .   c - +0 kite shield
rNeg     . . .     Spirit   .   b - +0 scale mail
rPois    .         Reflect  .   (helmet unavailable)
rElec    .         Harm     .   (no cloak)
rCorr    .         Rampage  .   (no gloves)
Will     .....                  (no boots)
Stlth    ..........             (no amulet)
HPRegen  0.20/turn              (no ring)
MPRegen  0.10/turn              (no ring)

@: lethally poisoned (-4 -> -39)
A: permanent stasis, dig shafts and tunnels, antennae 3, four strong arms
a: Dig, Renounce Religion


You were in the Dungeon.
You worshipped Okawaru.
Okawaru was noncommittal.
You visited 1 branch You collected 419 gold pieces.

Inventory:

Hand Weapons
 a - a +0 long sword (weapon)
Armour
 b - a +0 scale mail (worn)
 c - a +0 kite shield (worn)
Potions
 g - 2 potions of magic


   Skills:
 + Level 9.4 Fighting
 + Level 6.7 Long Blades
 + Level 9.5 Armour
 + Level 1.5 Dodging
 + Level 10.6 Shields


You had 6 spell levels left.
You didn't know any spells.
Your spell library was empty.

Dungeon Overview and Level Annotations

Branches:
Dungeon (1/1)

Altars:
Cheibriados
Dithmenos
Elyvilon
Fedhas
Gozag
Hepliaklqana
Kikubaaqudgha
Makhleb
Nemelex Xobeh
Okawaru
Qazlal
Ru
Sif Muna
Trog
Uskayaw
Vehumet
Wu Jian
Xom
Yredelemnul
Zin
The Shining One
Jiyva
Lugonu

Shops:
D (

Annotations:
D Sonja


Innate Abilities, Weirdness & Mutations

You cannot be hasted, slowed, berserked, paralysed or teleported.
You can dig through walls and to a lower floor.
You have a pair of large antennae on your head. (SInv)
Your four strong arms can wield two-handed weapons with a shield.


Message History

You block Sonja's attack.
Unknown command.
You miss Sonja.
You feel very sick.
Sonja twirls her cape.
Sonja zaps a wand.
You easily resist.
Sonja hits you with a +2 short sword of venom.
You are more poisoned.
You block Sonja's attack.
Sonja hits you with a +2 short sword of venom.
You are more poisoned.
You completely miss Sonja.
You feel very sick. You block Sonja's attack.
Sonja hits you but does no damage. x2
You are lethally poisoned!
Unknown command.
You hit Sonja.
Sonja is lightly wounded.
You feel extremely sick.
Sonja says, "If only old Madame Brzewit could see me now!"
You block Sonja's attack.
Sonja hits you with a +2 short sword of venom.
* * * LOW HITPOINT WARNING * * *
You are more poisoned.
Sonja hits you with a +2 short sword of venom.
* * * LOW HITPOINT WARNING * * *
You block Sonja's attack. x3
Okay, then.
You aren't carrying any scrolls.
Unknown command.
You completely miss Sonja.
Sonja is lightly wounded.
* * * LOW HITPOINT WARNING * * *
You feel extremely sick. Sonja barely misses you.
You riposte.
You miss Sonja.
Sonja is lightly wounded.
You block Sonja's attack. x2
You closely miss Sonja.
Sonja is lightly wounded.
You die...

#<.#..').#..'..#__#..+
{
#..').#..').#..'..'..#
{
#..#####'#####'#__####{
{ #..####..#...#.#### {
#..#__####..##.# {
#..#_____##'#_.+ {
#⌠⌠#_.∩...'..._# {
####_..__##_.#'#
#_____###@#(# #######
#K### $.$ { #$.$# {
##.## { #+# {{ { { {


You could see Sonja.

Vanquished Creatures
  A slime creature (D)
  Sigmund (D)
  A yak (D)
  An ogre (D)
  A jelly (D)
  Ijyb (D)
6 creatures vanquished.

Notes
Turn   | Place    | Note
-------+----------+-------------------------------------------
     0 | D        | mhtbhm the Formicid Fighter began the quest for the Orb.
     0 | D        | Reached XP level 1. HP: 18/18 MP: 1/1
     2 | D        | Noticed Ijyb
    21 | D        | Killed Ijyb
    22 | D        | Reached skill level 5 in Shields
    22 | D        | Reached XP level 2. HP: 8/26 MP: 2/2
    22 | D        | Reached XP level 3. HP: 10/32 MP: 3/3
    26 | D        | Noticed an ogre
    30 | D        | Killed an ogre
    31 | D        | Reached skill level 7 in Shields
    31 | D        | Reached XP level 4. HP: 14/40 MP: 4/4
    31 | D        | Reached XP level 5. HP: 16/46 MP: 5/5
    34 | D        | Noticed Sigmund
    38 | D        | Killed Sigmund
    39 | D        | Reached skill level 1 in Dodging
    39 | D        | Reached skill level 8 in Shields
    39 | D        | Reached XP level 6. HP: 33/56 MP: 6/6
   218 | D        | Found an ornate altar of the Wu Jian Council.
   218 | D        | Found a shimmering blue altar of Sif Muna.
   220 | D        | Found a radiant altar of Vehumet.
   224 | D        | Reached skill level 9 in Shields
   255 | D        | Found Moat's Weapon Emporium.
   255 | D        | Found an ancient bone altar of Kikubaaqudgha.
   255 | D        | Found a hazy altar of Hepliaklqana.
   255 | D        | Found a stormy altar of Qazlal.
   255 | D        | Found a hide-covered altar of Uskayaw.
   255 | D        | Found a blossoming altar of Fedhas.
   255 | D        | Found a bloodstained altar of Trog.
   255 | D        | Found an iron altar of Okawaru.
   255 | D        | Found a basalt altar of Yredelemnul.
   255 | D        | Found a glowing golden altar of the Shining One.
   255 | D        | Found a snail-covered altar of Cheibriados.
   255 | D        | Found a sacrificial altar of Ru.
   255 | D        | Found a glowing silver altar of Zin.
   255 | D        | Found a shadowy altar of Dithmenos.
   255 | D        | Found a white marble altar of Elyvilon.
   255 | D        | Noticed a yak
   269 | D        | Killed a yak
   270 | D        | Reached skill level 5 in Long Blades
   270 | D        | Reached skill level 10 in Shields
   270 | D        | Reached XP level 7. HP: 20/63 MP: 7/7
   270 | D        | Found an opulent altar of Gozag.
   271 | D        | Found a sparkling altar of Nemelex Xobeh.
   484 | D        | Became a worshipper of Warmaster Okawaru
   508 | D        | Found a burning altar of Makhleb.
   508 | D        | Found a viscous altar of Jiyva.
   508 | D        | Found a shimmering altar of Xom.
   508 | D        | Found a corrupted altar of Lugonu.
   508 | D        | Noticed a slime creature
   526 | D        | Killed a slime creature
   823 | D        | Noticed Sonja
   834 | D        | Succumbed to Sonja's poison

Illustrated notes

Levels and vault maps discovered:
D:        dungeon_sprint_1 [red_sonja_temple_1, red_sonja_temple_small_1]

Skill      XL: |  1  2  3  4  5  6  7 |
---------------+----------------------+-----
Fighting       | 4 6 7 8 9 |  9.4
Armour         | 4 6 8 9 |  9.5
Shields        | 5 7 8 10 | 10.6
Long Blades    | 3 4 5 6 |  6.7
Dodging        | 1 |  1.5

Action                   |  1- 3 |  4- 6 |  7- 9 || total
-------------------------+-------+-------+-------++-------
Melee: Long sword        |    20 |    20 |    25 ||    65
  Use: Potion            |     2 |     1 |     2 ||     5
Armor: Scale mail        |     5 |       |     5 ||    10
Dodge: Dodged            |     7 |     4 |    11 ||    22
Block: Kite shield       |     9 |    10 |    21 ||    40
       Rpst.: Long sword |     2 |     1 |     4 ||     7

Table legend: (Time is in decaauts)
 A = Elapsed time spent in this place.
 B = Non-inter-level travel time spent in this place.
 C = Inter-level travel time spent in this place.
 D = Time resting spent in this place.
 E = Time spent auto-exploring this place.
 F = Levels seen in this place.
 G = Mean time per level.
                   A        B        C        D        E       F      G
               +--------+--------+--------+--------+--------+-----+--------+
         Total |    848 |    848 |      0 |    594 |      0 |   1 |  848.0 |
       Dungeon |    848 |    848 |      0 |    594 |      0 |   1 |  848.0 |
               +--------+--------+--------+--------+--------+-----+--------+

Top non-repeatable levels by time:
       D: 848 daAuts
